 Dungeon Crawl Stone Soup version 0.21.0-3-g78d12a8 (webtiles) character file.

581141 Mgcat the Slayer (level 27, -1/196 HPs)
             Began as a Gargoyle Fighter on Jan 14, 2018.
             Was the Champion of Hepliaklqana.
             Slain by an azure jelly (9 damage)
             ... created by the Royal Jelly
             ... on level 5 of the Pits of Slime on Jan 16, 2018.
             The game lasted 07:17:57 (67012 turns).

Mgcat the Slayer (Gargoyle Fighter)                Turns: 67012, Time: 07:17:58

Health: -1/196     AC: 49    Str: 29 (30) XL:     27
Magic:  23/23      EV: 22    Int: 16      God:    Hepliaklqana [******]
Gold:   3498       SH: 18    Dex: 26 (27) Spells: 33/39 levels left

rFire    + + .     SeeInvis +   F - +2 morningstar of a Spat {vamp, Str-4 Int+4 Dex+3}
rCold    + + .     Gourm    .   J - +2 shield {reflect}
rNeg     + . .     Faith    .   z - +2 plate armour {rC+}
rPois    ∞         Spirit   .   S - +2 helmet {SInv}
rElec    +         Reflect  +   I - +1 cloak
rCorr    +         Harm     .   e - +2 pair of gloves {Dex+3}
MR       +++++     Rnd*Rage +   w - +2 pair of boots
Stlth    ..........             A - amulet "Ryczuf" {RegenMP Str+5}
HPRegen  0.42/turn              Y - ring "Leirphyug" {*Contam rF+ MR+++ Dex+4 Stlth-}
MPRegen  0.43/turn              q - ring "Kigokas" {rCorr rF+ rC+ Str+4}

@: berserking (expiring), corroded, flying, very quick
A: reduced essence, big wings, berserk 1, blurry vision 1, deterioration 2,
frail 2, low mp 3, negative energy resistance 1, screaming 1, electricity
resistance, weak 1, unbreathing, petrification resistance, rot immunity, subdued
magic 1, AC +20
}: 3/15 runes: serpentine, barnacled, abyssal
a: Stop Flying, Recall Ancestor, Ancestor Identity, Transference, Idealise,
Renounce Religion


You were on level 5 of the Pits of Slime.
You worshipped Hepliaklqana.
Hepliaklqana was exalted by your worship.
You were not hungry.

You visited 10 branches of the dungeon, and saw 48 of its levels.
You visited the Abyss 1 time.
You also visited: Labyrinth, Trove, Ossuary, Bailey and Wizlab.

You collected 5694 gold pieces.
You spent 2196 gold pieces at shops.

Inventory:

Hand Weapons
 F - the +2 morningstar of a Spat (weapon) {vamp, Str-4 Int+4 Dex+3}
   (You found it in an ossuary)

   It inflicts no extra harm, but heals its wielder when it wounds a living foe.
   It affects your strength (-4).
   It affects your intelligence (+4).
   It affects your dexterity (+3).
Armour
 e - a +2 pair of gloves of dexterity (worn)
 w - a +2 pair of boots (worn)
 z - a +2 plate armour of cold resistance (worn)
 I - a +1 cloak (worn)
 J - a +2 shield of reflection (worn)
 S - a +2 helmet of see invisible (worn)
Jewellery
 q - the ring "Kigokas" (right hand) {rCorr rF+ rC+ Str+4}
   (You bought it in a shop on level 2 of the Snake Pit)

   [ring of resist corrosion]

   It affects your strength (+4).
   It protects you from fire.
   It protects you from cold.
 A - the amulet "Ryczuf" (around neck) {RegenMP Str+5}
   (You found it on level 6 of the Lair of Beasts)

   [amulet of magic regeneration]

   It increases your magic regeneration.
   It affects your strength (+5).
 M - an uncursed ring of protection from fire
 Q - an uncursed ring of protection from cold
 Y - the ring "Leirphyug" (left hand) {*Contam rF+ MR+++ Dex+4 Stlth-}
   (You found it in a treasure trove)

   [ring of protection from fire]

   It affects your dexterity (+4).
   It protects you from fire.
   It affects your resistance to hostile enchantments.
   It causes magical contamination when unequipped.
   It makes you less stealthy.
Wands
 j - a wand of acid (24)
 L - a wand of iceblast (7)
 T - a wand of scattershot (2)
 X - a wand of clouds (8)
Scrolls
 a - a scroll of silence {unknown}
 h - 6 scrolls of summoning
 i - 6 scrolls of holy word
 m - 15 scrolls of identify
 n - 16 scrolls of teleportation
 y - 26 scrolls of remove curse
 D - 10 scrolls of blinking
 E - 4 scrolls of fear
 G - 8 scrolls of magic mapping
 H - 6 scrolls of fog
Potions
 g - 3 potions of resistance
 k - 3 potions of cancellation
 r - 4 potions of ambrosia
 x - 9 potions of mutation
 O - 2 potions of berserk rage
Miscellaneous
 o - a phial of floods
 p - 2 sacks of spiders
 u - a lamp of fire
 v - 3 phantom mirrors
Comestibles
 f - 60 rations


   Skills:
 - Level 23.4 Fighting
 + Level 18.6 Maces & Flails
 - Level 21.3 Armour
 - Level 15.3 Dodging
 - Level 15.0 Shields
 - Level 6.6 Spellcasting
 + Level 11.0 Charms
 + Level 10.0 Necromancy
 - Level 5.0 Translocations
 - Level 10.0 Invocations
 - Level 10.0 Evocations


You had 33 spell levels left.
You knew the following spells:

 Your Spells              Type           Power        Failure   Level  Hunger
a - Song of Slaying       Chrm           ####....     1%          2    None
b - Regeneration          Chrm/Necr      ####......   1%          3    ##.....
c - Apportation           Tloc           ###...       4%          1    None


Dungeon Overview and Level Annotations

Branches:
Dungeon (15/15)            Temple (1/1) D:4            Lair (6/6) D:9
 Shoals (4/4) Lair:3        Snake (4/4) Lair:4        Slime (5/5) Lair:6
    Orc (2/2) D:9             Elf (2/3) Orc:2        Vaults (4/5) D:13
  Crypt (0/3) Vaults:2     Depths (5/5) D:15            Zot (0/5) Depths:5

Altars:
Ashenzari
Cheibriados
Dithmenos
Elyvilon
Fedhas
Gozag
Hepliaklqana
Kikubaaqudgha
Makhleb
Nemelex Xobeh
Okawaru
Qazlal
Ru
Sif Muna
Trog
Uskayaw
Vehumet
Wu Jian
Xom
Yredelemnul
Zin
The Shining One

Shops:
D:9 **=}   Orc:2 ![([   Elf:1 }   Elf:2 ?   Shoals:4 (*?[   Snake:1 :
Snake:2 }==:([   Vaults:1 %   Depths:2 !

Portals:
Hell: Depths:1 Depths:2 Depths:3 Depths:4 Depths:5
Abyss: Depths:3 Depths:4
Pandemonium: Depths:1 Depths:2 Depths:3
Ziggurat: Depths:5

Annotations:
Slime:5 Royal Jelly
Depths:2 exclusion: orange crystal statue


Innate Abilities, Weirdness & Mutations

You are resistant to torment.
Your stone body is resilient. (AC +20)
You are immune to poison.
Your large and strong wings let you fly indefinitely.
You resist negative energy. (rN+)
You are resistant to electric shocks. (rElec)
You can survive without breathing.
You are immune to petrification.
You are immune to rotting.
Your life essence is reduced to manifest your ancestor. (-10% HP)
You tend to lose your temper in combat.
Scrolls take you a little longer to read.
Your body often deteriorates upon taking damage.
You are very frail. (-20% HP)
Your magical capacity is extremely low. (-30% MP)
You occasionally shout uncontrollably at your foes.
You are weak. (Str -2)
Your spells are a little easier to cast, but a little less powerful.


Message History

Unknown command.
Unknown command.
Unknown command.
Unknown command.
Unknown command.
Unknown command.
You hit the acid blob.
Your hands burn!
* * * LOW HITPOINT WARNING * * *
The acid blob is lightly wounded.
You block the azure jelly's attack. x2
The azure jelly hits you but does no damage.
The azure jelly barely misses you.
The azure jelly hits you but does no damage.
The azure jelly closely misses you. You block the azure jelly's attack.
The azure jelly hits you but does no damage.
The death ooze hits you but does no damage.
You block the death ooze's attack. The azure jelly hits you.
* * * LOW HITPOINT WARNING * * *
The azure jelly freezes you! You resist.
You die...

##...................#
#.#...................###
##....................#.##.
#.###.......................
##
#..........................
####.........J..............
#.......J................
##.....JJJ...............
#####.J@JJ..J...........
##JJJJ..............
#JJJJ...............
#...................
##..................
###................
##...............
#......#.#......
####.#####.###..


You could see the Royal Jelly, 5 acid blobs, 6 azure jellies and 5 death oozes.

Vanquished Creatures
  Dissolution (Slime:3)
  Mennas (Depths:3)
  2 ancient liches
  A juggernaut (Depths:5)
  Saint Roka (Orc:2)
  Bai Suzhen (Vaults:3)
  A golden dragon (Depths:5)
  A caustic shrike (Depths:3)
  4 bone dragons
  An electric golem (WizLab)
  5 liches
  2 tentacled monstrosities
  Rupert (Depths:4)
  2 Hell Sentinels
  A quicksilver dragon (Depths:3)
  A titan (Depths:3)
  A sphinx (Depths:3)
  11 tentacled starspawn
  Agnes (Depths:4)
  Polyphemus (Shoals:3)
  18 acid blobs
  A kraken (Shoals:4)
  2 storm dragons
  4 tengu reavers
  Donald (Lair:3)
  6 nagarajas
  2 revenants
  A daeva (Abyss:1)
  Ilsuiw (Shoals:4)
  3 fire giants
  6 azure jellies
  11 frost giants
  A draconian knight (Depths:4)
  4 deep elf sorcerers
  4 cacodemons
  A draconian shifter (Depths:5)
  7 ironheart preservers
  11 vault wardens
  A balrug (Depths:5)
  A draconian annihilator (Depths:5)
  4 war gargoyles
  The ghost of Swippen the Basher, a journeyman GnBe of Trog (Orc:1)
  28 very ugly things
  2 vampire knights
  9 stone giants
  5 spriggan defenders
  2 green draconians
  3 entropy weavers
  2 black draconians
  The ghost of Nicoed the Summoner, a journeyman GnSu of Sif Muna (D:14)
  39 starcursed masses
  A deep elf annihilator (Elf:2)
  5 dire elephants (Lair:6)
  8 spark wasps
  A yellow draconian (Depths:5)
  3 red draconians (Depths:5)
  A purple draconian (Depths:5)
  An eidolon (Abyss:3)
  A minotaur (Lab)
  2 green deaths
  3 death oozes
  3 crystal guardians
  Snorg (Orc:2)
  A quicksilver dragon zombie (Abyss:3)
  8 fire dragons
  3 merfolk javelineers
  6 merfolk impalers
  8 ettins
  The ghost of ceb the Fighter, a journeyman VSFi of Qazlal (Orc:1)
  12 ogre magi
  7 rakshasas
  13 great orbs of eyes
  3 yaktaur captains
  6 naga warriors
  The ghost of Suckerboh the Destroyer, a journeyman DEFE of Vehumet (Orc:2)
  3 merfolk avatars
  A monstrous demonspawn (Depths:3)
  5 hydras
  16 vault guards
  Harold (D:11)
  11 centaur warriors
  A hell beast (Depths:3)
  11 ice dragons
  15 anacondas
  A spriggan air mage (Depths:5)
  3 death yaks
  6 deep troll shamans
  3 hell hogs (Abyss:3)
  9 deep troll earth magi
  2 satyrs
  An alligator snapping turtle (Shoals:2)
  3 tengu warriors
  38 two-headed ogres
  2 merfolk aquamancers (Shoals:4)
  A queen ant (Lair:4)
  4 vampire magi
  3 shock serpents
  10 naga sharpshooters
  20 dancing weapons
  15 thrashing horrors
  4 orc high priests (Orc:2)
  4 spriggan berserkers
  13 deep elf knights
  16 wretched stars
  13 hell knights
  An iron golem (WizLab)
  Sonja (Lair:2)
  4 sun demons
  Nergalle (Lair:2)
  11 sixfirhies
  A shadow wraith (Vaults:4)
  3 iron trolls (Depths:2)
  4 spatial maelstroms (Abyss:3)
  2 salamander mystics
  4 skeletal warriors (Vaults:1)
  A flayed ghost (Vaults:4)
  A death drake (shapeshifter) (Vaults:3)
  3 glowing orange brains
  An infernal demonspawn (Depths:2)
  19 deep trolls
  5 unseen horrors
  A tengu zombie (Vaults:4)
  A shadow demon (Depths:4)
  11 sea snakes
  17 deep elf archers
  14 naga ritualists
  20 orc knights
  A harpy (shapeshifter) (Depths:2)
  5 necromancers
  4 wizards
  4 wolf spiders
  7 ironbrand convokers
  A fire giant zombie (Depths:2)
  12 mana vipers
  11 harpies
  11 shining eyes
  A stone giant zombie (Vaults:4)
  A mana viper (shapeshifter) (Vaults:1)
  10 orc sorcerers
  40 deep elf magi
  13 fauns
  An orb spider (Abyss:3)
  40 ugly things
  11 manticores
  3 worldbinders
  6 cyclopes
  4 salamanders
  3 oklob plants (Lair:5)
  A dire elephant zombie (Abyss:3)
  An elephant (shapeshifter) (Vaults:4)
  6 rust devils
  6 elephants
  10 smoke demons
  5 apocalypse crabs (Abyss:3)
  14 vault sentinels
  8 water nymphs
  9 gargoyles
  19 naga magi
  4 eyes of devastation
  11 merfolk sirens
  10 spiny frogs
  23 black mambas
  2 torpor snails
  An eye of devastation (shapeshifter) (Vaults:1)
  9 guardian serpents
  7 orange demons
  A kobold demonologist (Abyss:2)
  A spiny frog (shapeshifter) (Depths:1)
  27 yaktaurs
  2 efreet (Abyss:1)
  2 komodo dragons (Lair:5)
  8 freezing wraiths
  3 rime drakes
  A tormentor (Abyss:3)
  A rime drake (shapeshifter) (Vaults:3)
  An ice devil (Orc:2)
  3 tengu conjurers
  7 hellwings
  A hydra zombie (Abyss:3)
  A demonic crawler (Abyss:2)
  10 ancient zymes
  A silent spectre (Abyss:2)
  3 trolls (shapeshifter)
  4 meliai
  7 trolls
  22 merfolk
  A polar bear (Lair:5)
  A queen bee (Abyss:3)
  8 wind drakes
  An ice dragon zombie (Abyss:3)
  28 raiju
  10 hornets
  The ghost of Gigax the Insei, an amateur OpMo of Cheibriados (D:5)
  7 dream sheep (Shoals:4)
  20 blink frogs
  9 snapping turtles
  A spriggan zombie (Depths:2)
  A slime creature (shapeshifter) (Vaults:3)
  75 slime creatures
  11 hippogriffs
  A spriggan (shapeshifter) (Depths:2)
  4 flying skulls (Abyss:3)
  4 redbacks
  3 air elementals (Depths:5)
  A spriggan skeleton (Depths:2)
  3 vampires
  7 spriggans
  4 wyverns
  5 wraiths
  9 ynoxinuls
  2 basilisks
  2 shadows (Abyss:3)
  17 yaks
  11 golden eyes
  4 hogs (D:7)
  A human (D:7)
  3 fire bats (Abyss:3)
  A golden eye (shapeshifter) (Vaults:2)
  15 water elementals
  3 hungry ghosts
  7 neqoxecs
  4 steam dragons (Shoals:2)
  15 chaos spawn
  A fire elemental (Elf:2)
  33 nagas
  27 large abominations
  8 wargs
  5 spatial vortices (Abyss:3)
  A soldier ant (shapeshifter) (D:15)
  2 soldier ants (Lair:4)
  3 hell hounds (Abyss:3)
  2 acid dragons (Vaults:1)
  A water moccasin (shapeshifter) (Vaults:1)
  A floating eye (Slime:5)
  3 porcupines
  16 water moccasins
  5 ice beasts
  The ghost of letownia2 the Conjurer, an amateur VSWz of Gozag (D:6)
  A hornet zombie (D:12)
  3 sky beasts
  6 hexers
  An ettin simulacrum (Vaults:2)
  37 orc warriors
  2 black bears
  45 ogres
  11 eyes of draining
  A fire dragon simulacrum (Abyss:3)
  3 phantoms
  An eye of draining (shapeshifter) (Vaults:1)
  14 centaurs
  5 wolves
  11 boggarts
  7 crocodiles
  A human skeleton (Vaults:4)
  3 big kobolds
  22 bullfrogs
  A wyvern zombie (D:14)
  7 earth elementals
  31 small abominations
  2 scorpions
  3 killer bees
  5 wights (D:10)
  3 electric eels (Lair:5)
  3 howler monkeys
  A centaur zombie (D:5)
  5 crimson imps
  7 quasits
  17 orc priests
  3 hounds
  4 iron imps
  27 orc wizards
  Crazy Yiuf (D:4)
  4 bullfrog skeletons
  14 jellies
  4 centaur skeletons
  Jessica (D:3)
  Natasha (thrice) (D:4)
  An iguana (D:6)
  13 worker ants
  2 mummies (Ossuary)
  2 worker ant zombies
  18 adders
  16 gnolls
  6 shadow imps
  7 white imps
  3 ufetubi
  2 oozes
  2 adder zombies (Ossuary)
  2 adder skeletons
  2 worms
  A dart slug (D:3)
  5 leopard geckos
  92 orcs
  4 giant cockroaches
  11 goblins
  20 hobgoblins
  14 jackals
  22 kobolds
  4 quokkas
  4 bats
  5 frilled lizards
  A goblin zombie (Ossuary)
  6 hobgoblin zombies (Ossuary)
  4 jackal zombies (Ossuary)
  14 kobold zombies (Ossuary)
  A leopard gecko skeleton (D:4)
  9 orc zombies (Ossuary)
  A quokka skeleton (D:8)
  2 quokka zombies
  16 rats
  A rat zombie (Ossuary)
  2 fungi
  4 plants
  4 starspawn tentacles
  A tentacle (Shoals:4)
2176 creatures vanquished.

Vanquished Creatures (collateral kills)
  Boris (Depths:5)
  A golden dragon (Depths:5)
  2 acid blobs (Slime:4)
  A tentacled starspawn (Abyss:1)
  An Executioner (Abyss:3)
  A tengu reaver (Depths:2)
  A nagaraja (Snake:4)
  A fire giant (Vaults:4)
  3 vault wardens
  3 ironheart preservers
  A spriggan defender (Depths:3)
  2 stone giants
  4 very ugly things
  A lorocyproca (Abyss:3)
  A dire elephant (Lair:6)
  A yellow draconian (Depths:5)
  A merfolk javelineer (Shoals:4)
  A crystal guardian (Abyss:3)
  A green death (Abyss:3)
  An ettin (Depths:2)
  4 great orbs of eyes
  A death ooze (Slime:3)
  2 merfolk impalers
  2 yaktaur captains
  An ice dragon (Vaults:4)
  2 naga warriors
  A hydra (Lair:2)
  5 anacondas
  5 two-headed ogres
  2 merfolk aquamancers
  3 dancing weapons
  A catoblepas (Shoals:3)
  A vampire mage (Abyss:1)
  3 ogre magi
  A hell hog (Abyss:3)
  A deep troll shaman (Depths:1)
  A satyr (Shoals:3)
  2 thrashing horrors
  2 death yaks
  4 hell knights
  2 shock serpents (Snake:4)
  2 deep elf knights (Elf:2)
  A sixfirhy (Abyss:3)
  A shadow wraith (Abyss:2)
  3 spatial maelstroms (Abyss:3)
  A wizard (Vaults:3)
  2 wretched stars
  A flayed ghost (Abyss:1)
  2 deep trolls
  2 sea snakes
  3 starcursed masses (Abyss:3)
  A naga ritualist (Snake:4)
  2 harpies
  12 deep elf magi
  2 deep elf archers
  2 orc knights
  A necromancer (Vaults:2)
  2 shining eyes
  2 manticores
  10 ugly things
  2 fauns (Shoals:2)
  An oklob plant (Lair:5)
  A wolf spider (Vaults:3)
  A frost giant skeleton (Depths:2)
  8 large abominations
  A worldbinder (Abyss:1)
  2 merfolk sirens
  3 guardian serpents
  5 smoke demons
  2 vault sentinels
  A rust devil (Abyss:1)
  2 water nymphs
  An elephant (Lair:6)
  8 black mambas
  An eye of devastation (Slime:5)
  2 orange demons (Abyss:3)
  A naga mage (Snake:2)
  A spiny frog (Lair:2)
  9 yaktaurs
  3 ice devils
  2 komodo dragons (Lair:6)
  A demonic crawler (Abyss:2)
  An ancient zyme (Abyss:3)
  A troll (Orc:1)
  A tengu conjurer (Depths:1)
  A wind drake (Shoals:1)
  2 meliai (Abyss:3)
  4 merfolk
  2 dream sheep (Shoals:4)
  A polar bear (Lair:6)
  A raiju (shapeshifter) (Depths:3)
  4 blink frogs
  14 raiju
  A hornet (Vaults:1)
  15 slime creatures
  A hippogriff (Lair:4)
  A snapping turtle (Shoals:4)
  A spriggan skeleton (Depths:2)
  A ynoxinul (Abyss:3)
  A flying skull (Abyss:3)
  A tarantella (Vaults:2)
  5 water elementals
  A redback (Lab)
  An ice dragon skeleton (Abyss:3)
  A wraith (Vaults:2)
  4 yaks
  A basilisk (Lair:6)
  A fire bat (Abyss:3)
  2 golden eyes (Slime:5)
  2 chaos spawn (Abyss:3)
  A steam dragon (Shoals:2)
  A warg (Orc:1)
  An insubstantial wisp (Abyss:3)
  4 nagas (Snake:4)
  3 soldier ants (Lair:4)
  An acid dragon (Vaults:1)
  A water moccasin (Lair:5)
  A hell hound (Abyss:3)
  10 orc warriors
  An ice beast (Abyss:1)
  2 eyes of draining
  An ettin simulacrum (Vaults:4)
  3 wolves (Lair:6)
  4 centaurs
  8 ogres
  3 crocodiles
  4 boggarts
  A big kobold (Abyss:2)
  A bullfrog (Lair:5)
  An earth elemental (Abyss:3)
  7 small abominations
  2 killer bees (D:11)
  A howler monkey (D:14)
  An electric eel (Lair:5)
  A crimson imp (Depths:3)
  4 quasits
  An orc priest (D:15)
  2 jellies (Lair:6)
  5 orc wizards
  A hound (D:14)
  An iron imp (Abyss:3)
  An iguana (D:9)
  2 worker ants (Lair:4)
  An adder (Lair:4)
  An ooze (Lair:6)
  11 orcs
  A hobgoblin (Bailey)
  2 jackals (D:10)
  A goblin (D:10)
  4 kobolds
  A fungus (Lair:6)
  A plant (Lab)
  2 starspawn tentacles (Abyss:1)
363 creatures vanquished.

Vanquished Creatures (others)
  A shadow dragon (Depths:5)
  A fire giant (Depths:5)
  A deep elf demonologist (Vaults:1)
  3 merfolk javelineers
  A yaktaur captain (Depths:4)
  An ogre mage (Vaults:2)
  A two-headed ogre (Vaults:1)
  A thrashing horror (Abyss:3)
  A naga sharpshooter (Snake:4)
  2 ironbrand convokers
  A necromancer (Depths:3)
  A black mamba (Snake:4)
  9 yaktaurs
  A rime drake (Shoals:2)
  A komodo dragon (Lair:6)
  A tengu conjurer (D:15)
  A red devil (Abyss:1)
  A merfolk (shapeshifter) (Depths:2)
  A raiju (Abyss:3)
  A tarantella (Vaults:2)
  A water elemental (Elf:2)
  A yak (shapeshifter) (Abyss:3)
  A fire bat (Abyss:3)
  A neqoxec (Abyss:3)
  2 chaos spawn (Abyss:3)
  An orc warrior (Vaults:1)
  A boggart (Depths:2)
  2 killer bees (Abyss:3)
  3 ancestors
  73 hexers
  A white imp (Abyss:3)
  A bush (Abyss:3)
  3 demonic plants (Abyss:3)
  A fire vortex (Abyss:3)
  11 fungi
  4 lurking horrors
  11 plants
  26 starspawn tentacles
  3 tentacles (Shoals:4)
178 creatures vanquished.

Grand Total: 2717 creatures vanquished

Notes
Turn   | Place    | Note
-------+----------+-------------------------------------------
     0 | D:1      | Mgcat the Gargoyle Fighter began the quest for the Orb.
     0 | D:1      | Reached XP level 1. HP: 14/14 MP: 1/1
    76 | D:1      | Reached XP level 2. HP: 19/19 MP: 2/2
   582 | D:1      | Reached XP level 3. HP: 24/24 MP: 3/3
   583 | D:1      | Reached skill level 4 in Fighting
  1011 | D:2      | Found a glowing golden altar of the Shining One.
  1445 | D:3      | Found a blossoming altar of Fedhas.
  1458 | D:2      | Reached XP level 4. HP: 28/30 MP: 4/4
  1630 | D:3      | Noticed Jessica
  1639 | D:3      | Killed Jessica
  1692 | D:3      | Reached XP level 5. HP: 26/34 MP: 5/5
  1884 | D:3      | Reached skill level 5 in Fighting
  2472 | D:4      | Reached XP level 6. HP: 28/40 MP: 6/6
  2682 | D:4      | Noticed Natasha
  2690 | D:4      | Killed Natasha
  2810 | D:4      | Noticed Natasha
  2820 | D:4      | Killed Natasha
  2820 | D:4      | Reached skill level 6 in Fighting
  2820 | D:4      | Reached skill level 5 in Maces & Flails
  2841 | D:4      | Noticed Natasha
  2847 | D:4      | Killed Natasha
  2849 | D:4      | Reached XP level 7. HP: 33/47 MP: 7/7
  2909 | D:4      | Found a runed door.
  3443 | D:4      | Found a staircase to the Ecumenical Temple.
  3452 | Temple   | Entered the Ecumenical Temple
  3890 | D:5      | Entered Level 5 of the Dungeon
  3894 | D:5      | Found a shadowy altar of Dithmenos.
  3899 | D:5      | Noticed Gigax's ghost (amateur OpMo)
  4083 | D:5      | Killed Gigax's ghost
  4083 | D:5      | Reached skill level 7 in Fighting
  4179 | D:5      | Found a radiant altar of Vehumet.
  4260 | D:5      | Reached XP level 8. HP: 50/53 MP: 8/8
  4602 | D:5      | Reached skill level 8 in Fighting
  4866 | D:6      | Noticed letownia2's ghost (amateur VSWz)
  4877 | D:6      | Killed letownia2's ghost
  5121 | D:6      | Reached skill level 9 in Fighting
  5410 | D:7      | Found a hide-covered altar of Uskayaw.
  5420 | D:7      | Got an ivory quarterstaff
  5421 | D:7      | Identified the +8 quarterstaff of Premature Burial {drain, +Blink rPois rF- MR+} (You found it on level 7 of the Dungeon)
  5521 | D:7      | Reached XP level 9. HP: 60/60 MP: 9/9
  5721 | D:7      | Found a stormy altar of Qazlal.
  6030 | D:7      | Reached skill level 10 in Fighting
  6296 | D:8      | Noticed a hornet
  6313 | D:8      | Killed a hornet
  6313 | D:8      | Reached skill level 11 in Fighting
  6368 | D:8      | Reached XP level 10. HP: 68/69 MP: 10/10
  6372 | D:8      | Reached skill level 10 in Maces & Flails
  6419 | D:8      | Found a snail-covered altar of Cheibriados.
  6498 | D:8      | Found a sand-covered staircase.
  6523 | Ossuary  | Entered an ossuary
  6737 | Ossuary  | Got a translucent morningstar
  6792 | Ossuary  | Identified the +2 morningstar of a Spat {vamp, Str-4 Int+4 Dex+3} (You found it in an ossuary)
  6951 | D:8      | Found a hazy altar of Hepliaklqana.
  6975 | D:8      | Became a worshipper of Hepliaklqana the Forgotten
  6988 | D:8      | Noticed a two-headed ogre
  7026 | D:8      | Killed a two-headed ogre
  7299 | D:9      | Found Xegini's General Store.
  7305 | D:9      | Bought a scroll of identify for 22 gold pieces
  7305 | D:9      | Bought a scroll of identify for 22 gold pieces
  7321 | D:9      | Found Wanotegh's Jewellery Shoppe.
  7351 | D:9      | Reached skill level 12 in Fighting
  7416 | D:9      | Found a staircase to the Orcish Mines.
  7495 | D:9      | Found Ecyc's General Store.
  7562 | D:9      | Found an opulent altar of Gozag.
  7584 | D:9      | Found a staircase to the Lair.
  7597 | D:9      | Found Ekuep's Gadget Shoppe.
  7980 | D:9      | Found a snail-covered altar of Cheibriados.
  8040 | D:9      | Reached * piety under Hepliaklqana
  8237 | D:9      | Noticed a necromancer
  8249 | D:9      | Killed a necromancer
  8413 | D:10     | Entered Level 10 of the Dungeon
  8521 | D:10     | Found a flagged portal.
  8537 | Bailey   | Entered a bailey
  8624 | Bailey   | Reached skill level 1 in Invocations
  8988 | D:9      | Bought the ring "Naovegopt" {MR+ Str+3} for 459 gold pieces
  9089 | D:10     | Reached XP level 11. HP: 68/68 MP: 12/12
  9551 | D:11     | Noticed Harold
  9560 | D:11     | Killed Harold
  9977 | D:11     | Reached ** piety under Hepliaklqana
  9979 | D:11     | You fall through a shaft!
 10276 | D:12     | Noticed a great orb of eyes
 10287 | D:12     | Paralysed by a great orb of eyes for 4 turns
 10297 | D:12     | Killed a great orb of eyes
 10297 | D:12     | Reached skill level 5 in Armour
 10297 | D:12     | Reached skill level 5 in Shields
 10520 | D:12     | Noticed a brown ugly thing
 10534 | D:12     | Killed a brown ugly thing
 10534 | D:12     | Reached skill level 13 in Fighting
 10981 | Lair:1   | Entered Level 1 of the Lair of Beasts
 11097 | Lair:1   | Remembered your ancestor François as a hexer
 11513 | Lair:1   | Reached *** piety under Hepliaklqana
 11660 | Lair:2   | Reached XP level 12. HP: 75/75 MP: 15/15
 11669 | Lair:2   | Reached skill level 5 in Invocations
 11898 | Lair:2   | Noticed a seven-headed hydra
 11906 | Lair:2   | Killed a seven-headed hydra
 12460 | Lair:2   | Noticed Sonja
 12466 | Lair:2   | Killed Sonja
 12972 | Lair:3   | Noticed Nergalle
 13009 | Lair:2   | Killed Nergalle
 13446 | Lair:3   | Noticed a six-headed hydra
 13458 | Lair:3   | Killed a six-headed hydra
 13500 | Lair:3   | Found a staircase to the Shoals.
 13534 | Lair:3   | Reached XP level 13. HP: 80/80 MP: 18/18
 13559 | Lair:3   | Reached **** piety under Hepliaklqana
 13884 | Lair:4   | Noticed an entropy weaver
 13899 | Lair:4   | Reached skill level 14 in Fighting
 13901 | Lair:4   | Noticed an entropy weaver
 13909 | Lair:4   | Killed an entropy weaver
 14054 | Lair:4   | Killed an entropy weaver
 14090 | Lair:4   | Found a staircase to the Snake Pit.
 15123 | Lair:5   | Found a runed door.
 15704 | Lair:6   | Entered Level 6 of the Lair of Beasts
 15720 | Lair:5   | Reached skill level 1 in Evocations
 15730 | Lair:6   | Reached ***** piety under Hepliaklqana
 16121 | Lair:6   | Gained mutation: Your large and strong wings let you fly indefinitely. [Gargoyle growth]
 16121 | Lair:6   | Reached XP level 14. HP: 86/86 MP: 20/20
 16615 | Lair:6   | Found a staircase to the Slime Pits.
 17037 | Lair:6   | Noticed a dire elephant
 17037 | Lair:6   | Noticed a dire elephant
 17053 | Lair:6   | Killed a dire elephant
 17064 | Lair:6   | Killed a dire elephant
 17082 | Lair:6   | Got a glittering ruby amulet
 17084 | Lair:6   | Identified the amulet "Ryczuf" {RegenMP Str+5} (You found it on level 6 of the Lair of Beasts)
 17086 | Lair:6   | Noticed a dire elephant
 17094 | Lair:6   | Killed a dire elephant
 17130 | Lair:6   | Noticed a dire elephant
 17139 | Lair:6   | Killed a dire elephant
 17150 | Lair:6   | Noticed a dire elephant
 17166 | Lair:6   | Killed a dire elephant
 17244 | Lair:6   | Reached skill level 10 in Shields
 17246 | Lair:6   | Reached skill level 10 in Armour
 17306 | Lair:6   | Noticed a dire elephant
 17324 | Lair:6   | Killed a dire elephant
 17737 | Orc:1    | Entered Level 1 of the Orcish Mines
 17783 | Orc:1    | Noticed Swippen's ghost (journeyman GnBe)
 17835 | Orc:1    | Killed Swippen's ghost
 17913 | Orc:1    | Noticed ceb's ghost (journeyman VSFi)
 18002 | Orc:1    | Killed ceb's ghost
 18002 | Orc:1    | Reached skill level 15 in Fighting
 18608 | Orc:1    | Reached skill level 10 in Invocations
 18852 | Orc:2    | Entered Level 2 of the Orcish Mines
 18852 | Orc:2    | Found a dark tunnel.
 18852 | Orc:2    | Noticed Saint Roka
 19063 | Snake:1  | Entered Level 1 of the Snake Pit
 19158 | Snake:1  | Found Ustrar's Book Emporium.
 19182 | Snake:1  | Reached XP level 15. HP: 71/92 MP: 22/22
 19669 | Snake:1  | Reached skill level 5 in Evocations
 20548 | Snake:2  | Found Gij Myrr's Weapon Shoppe.
 20645 | Snake:2  | Found Naisime's Book Boutique.
 20655 | Snake:2  | Found Lypanoq's Jewellery Shop.
 20658 | Snake:2  | Found Fiotuts's Gadget Shoppe.
 20666 | Snake:2  | Found Xublyvin's Jewellery Shop.
 20677 | Snake:2  | Bought the ring "Kigokas" {rCorr rF+ rC+ Str+4} for 691 gold pieces
 20836 | Snake:2  | Found Voih Fite's Armour Emporium.
 21399 | Snake:3  | Identified the Incunabulum of the Helpful Birds
 21458 | Snake:3  | Noticed a nagaraja
 21475 | Snake:3  | Killed a nagaraja
 22451 | Lair:1   | Identified a scroll of acquirement
 23065 | Orc:2    | Found a staircase to the Elven Halls.
 23135 | Orc:2    | Noticed Suckerboh's ghost (journeyman DEFE)
 23152 | Orc:2    | Killed Suckerboh's ghost
 23152 | Orc:2    | Reached skill level 1 in Dodging
 23188 | Orc:2    | Killed Saint Roka
 23188 | Orc:2    | Reached skill level 16 in Fighting
 23188 | Orc:2    | Reached XP level 16. HP: 74/99 MP: 23/23
 23487 | Orc:2    | Noticed Snorg
 23519 | Orc:2    | Killed Snorg
 24300 | Orc:2    | Found Cetoz's Distillery.
 24304 | Orc:2    | Found Pun Palu's Antique Weapon Boutique.
 24308 | Orc:2    | Bought a potion of ambrosia for 88 gold pieces
 24310 | Orc:2    | Found Erytrean's Antique Armour Boutique.
 24312 | Orc:2    | Found Ucuoj's Armour Emporium.
 24579 | D:4      | Noticed Crazy Yiuf
 24582 | D:4      | Killed Crazy Yiuf
 24820 | D:13     | Found a labyrinth entrance.
 24840 | Lab      | Entered a labyrinth
 25142 | Lab      | Got a scorched quarterstaff {protect}
 25147 | Lab      | Got a shimmering bone ring
 25197 | Lab      | Identified the +9 quarterstaff of Eluafee {protect, Str+4} (You took it off a minotaur in a labyrinth)
 25540 | D:13     | Found a gate to the Vaults.
 25911 | D:14     | Noticed Nicoed's ghost (journeyman GnSu)
 25926 | D:14     | Killed Nicoed's ghost
 26611 | D:14     | Found a portal to a secret trove of treasure.
 27005 | D:15     | Entered Level 15 of the Dungeon
 27010 | D:15     | Reached skill level 15 in Maces & Flails
 27218 | D:15     | Reached ****** piety under Hepliaklqana
 27651 | D:15     | Found a staircase to the Depths.
 27913 | D:15     | Identified the cursed ring "Kyux" {rF+ Dex-3} (You found it in a labyrinth)
 28224 | Shoals:1 | Entered Level 1 of the Shoals
 28296 | Shoals:1 | Noticed Donald
 28313 | Lair:3   | Killed Donald
 28851 | Shoals:1 | Reached XP level 17. HP: 104/104 MP: 24/24
 29822 | Shoals:2 | Found the +9 staff of Wucad Mu {channel}
 30593 | Shoals:3 | Reached skill level 5 in Dodging
 30737 | Shoals:3 | Reached skill level 17 in Fighting
 30741 | Shoals:3 | Noticed Polyphemus
 31120 | Shoals:3 | Killed Polyphemus
 31925 | Snake:4  | Entered Level 4 of the Snake Pit
 32724 | Snake:4  | Reached XP level 18. HP: 103/111 MP: 25/25
 33412 | Snake:4  | Got a serpentine rune of Zot
 34222 | D:14     | You paid a toll of 19 scrolls of identify to enter a treasure trove
 34223 | Trove    | Entered a treasure trove
 34240 | Trove    | Got a crude silver ring
 34244 | Trove    | Got a wavering graven amulet
 34260 | Trove    | Identified the amulet of the Present {RegenMP rN+} (You found it in a treasure trove)
 34272 | Trove    | Identified the ring "Nesuag" {*Corrode +Fly rPois MP+9 Slay+5} (You found it in a treasure trove)
 34314 | Trove    | Got a fine lapis lazuli ring
 34331 | Trove    | Got a pitted golden ring
 34342 | Trove    | Identified the ring "Leirphyug" {*Contam rF+ MR+++ Dex+4 Stlth-} (You found it in a treasure trove)
 34354 | Trove    | Identified the ring "Nuklot" {rF+ MR- Str+4} (You found it in a treasure trove)
 34384 | Trove    | Got a fine bronze ring
 34386 | Trove    | Got a scorched garnet amulet
 34397 | Trove    | Identified the ring of Zofyugin {Str+2 Int+3 Slay+2 Stlth+} (You found it in a treasure trove)
 34399 | Trove    | Identified the amulet "Xoachouw" {Harm *Drain Dex+5} (You found it in a treasure trove)
 34802 | Shoals:4 | Entered Level 4 of the Shoals
 34802 | Shoals:4 | Found Faepleeh's Magic Scroll Boutique.
 35017 | Shoals:4 | Reached skill level 10 in Evocations
 35240 | Shoals:4 | Found Xutteisoe's Armour Emporium.
 35351 | Shoals:4 | Got a barnacled rune of Zot
 35588 | Shoals:4 | Reached XP level 19. HP: 117/117 MP: 26/26
 35861 | Shoals:4 | Noticed Ilsuiw
 35880 | Shoals:4 | Killed Ilsuiw
 35884 | Shoals:4 | Reached skill level 18 in Fighting
 35915 | Shoals:4 | Found Nemodoiwk's General Store.
 35933 | Shoals:4 | Found Zotunkitz's Antique Weapon Boutique.
 36447 | Shoals:4 | Bought a +2 plate armour of cold resistance for 600 gold pieces
 36459 | Shoals:4 | Bought a +1 shield of reflection for 202 gold pieces
 36831 | Vaults:1 | Entered Level 1 of the Vaults
 37228 | Vaults:1 | Reached skill level 15 in Armour
 37228 | Vaults:1 | Reached skill level 15 in Shields
 37798 | Vaults:1 | Got a vibrating pewter ring
 37800 | Vaults:1 | Identified the cursed ring "Qoadach" {+Inv rC++ MR- Str-2} (You found it on level 1 of the Vaults)
 37864 | Vaults:1 | Noticed a lich
 37877 | Vaults:1 | Killed a lich
 38449 | Vaults:1 | Reached XP level 20. HP: 123/123 MP: 27/27
 38531 | Vaults:1 | Found Quaw's Food Boutique.
 38859 | Vaults:2 | Reached skill level 19 in Fighting
 39224 | Vaults:2 | Found a staircase to the Crypt.
 39405 | Vaults:2 | Reached skill level 10 in Dodging
 40810 | Vaults:3 | Reached XP level 21. HP: 119/130 MP: 28/28
 41165 | Vaults:3 | Noticed Bai Suzhen
 41185 | Vaults:3 | Killed Bai Suzhen
 41185 | Vaults:3 | Reached skill level 20 in Fighting
 43910 | Elf:1    | Entered Level 1 of the Elven Halls
 43929 | Elf:1    | Found Diphibb's Gadget Shoppe.
 44483 | Elf:1    | Found a magical portal.
 44550 | WizLab   | Entered Doroklohe's Tomb
 45632 | Elf:1    | Reached XP level 22. HP: 137/137 MP: 29/29
 46013 | Elf:2    | Found Luilar's Magic Scroll Emporium.
 46021 | Elf:2    | Bought a scroll of blinking for 112 gold pieces
 46216 | Elf:2    | Found a huge runed gate.
 46216 | Elf:2    | Found a huge runed gate.
 46216 | Elf:2    | Found a huge runed gate.
 46216 | Elf:2    | Found a huge runed gate.
 46217 | Elf:2    | Found a huge runed gate.
 46338 | Elf:2    | Reached skill level 21 in Fighting
 46946 | Depths:1 | Entered Level 1 of the Depths
 47322 | Depths:1 | Found a one-way gate leading to the halls of Pandemonium.
 47610 | Depths:1 | Found a gateway to Hell.
 49714 | Depths:2 | Found Giel's Distillery.
 49868 | Depths:2 | Gained mutation: Your magical capacity is low. (-10% MP) [a cacodemon]
 49872 | Depths:2 | Gained mutation: You are dopey. (Int -2) [a cacodemon]
 50405 | Depths:3 | Reached XP level 23. HP: 144/144 MP: 27/27
 50841 | Depths:3 | Reached skill level 22 in Fighting
 50939 | Depths:3 | Noticed a caustic shrike
 50959 | Depths:3 | Killed a caustic shrike
 51215 | Depths:3 | Found a one-way gate to the infinite horrors of the Abyss.
 51356 | Depths:3 | Noticed an ancient lich
 51390 | Depths:3 | Killed an ancient lich
 51565 | Depths:3 | Identified the Handbook of Evil
 51926 | Depths:4 | Noticed Mennas
 52022 | Depths:3 | Killed Mennas
 52224 | Depths:4 | Noticed Agnes
 52922 | Depths:4 | Killed Agnes
 53081 | Depths:4 | Reached skill level 1 in Spellcasting
 53086 | Depths:4 | Noticed Rupert
 53104 | Depths:4 | Killed Rupert
 53249 | Depths:4 | Got a twitching iron ring
 53374 | Depths:4 | Reached XP level 24. HP: 152/152 MP: 27/27
 53783 | Depths:5 | Entered Level 5 of the Depths
 54222 | Depths:5 | Found a gate to the Realm of Zot.
 54413 | Depths:5 | Found a gateway to a ziggurat.
 54569 | Depths:5 | Noticed Boris
 54579 | Depths:5 | Noticed a juggernaut
 54581 | Depths:5 | Reached skill level 23 in Fighting
 54587 | Depths:5 | Killed Boris
 54632 | Depths:5 | Killed a juggernaut
 54641 | Depths:5 | Reached skill level 15 in Dodging
 54680 | Depths:5 | Reached skill level 5 in Spellcasting
 55745 | Lair:1   | Identified the ring of Udena {rN+ Stlth+} (You took it off a hell knight on level 4 of the Depths)
 55773 | Lair:1   | Learned a level 2 spell: Song of Slaying
 55777 | Lair:1   | Learned a level 3 spell: Regeneration
 55958 | Lair:5   | Got a fine copper ring
 55960 | Lair:5   | Identified the cursed ring "Zorioh" {*Slow rC+++ Dex-3 Slay+4} (You found it on level 5 of the Lair of Beasts)
 56455 | Elf:2    | Reached skill level 1 in Charms
 56471 | Elf:2    | Reached skill level 1 in Necromancy
 57288 | Lair:1   | Learned a level 1 spell: Apportation
 57618 | Depths:3 | Voluntarily entered the Abyss.
 57891 | Abyss:1  | Reached skill level 1 in Translocations
 58095 | Abyss:1  | Reached XP level 25. HP: 66/158 MP: 29/29
 58799 | Abyss:2  | Found a corrupted altar of Lugonu.
 58885 | Abyss:2  | Gained mutation: Your body sometimes deteriorates upon taking damage. [a neqoxec]
 59207 | Abyss:2  | Found a corrupted altar of Lugonu.
 59534 | Abyss:3  | Paralysed by you for 2 turns
 60089 | Abyss:3  | Gained mutation: You are clumsy. (Dex -2) [a neqoxec]
 60337 | Abyss:3  | Reached skill level 5 in Charms
 60464 | Abyss:3  | Found a viscous altar of Jiyva.
 60706 | Abyss:3  | Reached skill level 5 in Translocations
 60728 | Abyss:3  | Reached skill level 5 in Necromancy
 61583 | Abyss:3  | Reached XP level 26. HP: 96/164 MP: 29/29
 61754 | Abyss:3  | Gained mutation: Scrolls take you a little longer to read. [a cacodemon]
 61968 | Abyss:3  | Paralysed by accursed screaming for 2 turns
 61973 | Abyss:3  | Paralysed by accursed screaming for 2 turns
 61976 | Abyss:3  | Paralysed by accursed screaming for 1 turns
 61979 | Abyss:3  | Paralysed by accursed screaming for 2 turns
 61981 | Abyss:3  | HP: 4/164 [starcursed mass/accursed screaming (12)]
 61982 | Abyss:3  | HP: 1/164 [starcursed mass (illusionary)/accursed screaming (4)]
 61997 | Abyss:3  | Paralysed by accursed screaming for 2 turns
 62443 | Abyss:3  | Noticed an ancient lich
 62470 | Abyss:3  | Killed an ancient lich
 62546 | Abyss:3  | Paralysed by accursed screaming for 1 turns
 63066 | Abyss:3  | Got an abyssal rune of Zot
 63083 | Depths:3 | Escaped the Abyss
 63084 | Depths:3 | Lost mutation: You are very clumsy. (Dex -4) [potion of mutation]
 63084 | Depths:3 | Lost mutation: You are very dopey. (Int -4) [potion of mutation]
 63084 | Depths:3 | Lost mutation: Scrolls take you a little longer to read. [potion of mutation]
 63084 | Depths:3 | Gained mutation: Your mind is acute. (Int +2) [potion of mutation]
 63538 | Slime:1  | Entered Level 1 of the Pits of Slime
 63550 | Slime:1  | Gained mutation: Scrolls take you a little longer to read. [a shining eye]
 63946 | Slime:2  | Gained mutation: You are weak. (Str -2) [a shining eye]
 63948 | Slime:2  | Gained mutation: You often lose your temper in combat. [a shining eye]
 64816 | Slime:3  | Noticed Dissolution
 64832 | Slime:3  | Paralysed by a floating eye for 3 turns
 64833 | Slime:3  | Killed Dissolution
 65245 | Slime:3  | Gained mutation: You are frail. (-10% HP) [a shining eye]
 65246 | Slime:3  | Gained mutation: Your magical capacity is very low. (-20% MP) [a shining eye]
 65265 | Slime:3  | Gained mutation: You are very frail. (-20% HP) [a shining eye]
 65279 | Slime:3  | Lost mutation: Your mind is acute. (Int +2) [a shining eye]
 65564 | Slime:4  | Reached skill level 10 in Charms
 65578 | Slime:4  | Lost mutation: Scrolls take you a little longer to read. [a shining eye]
 65671 | Slime:4  | Gained mutation: Your body often deteriorates upon taking damage. [a shining eye]
 65678 | Slime:4  | Gained mutation: Scrolls take you a little longer to read. [a shining eye]
 66000 | Slime:5  | Entered Level 5 of the Pits of Slime
 66040 | Slime:5  | Gained mutation: Your spells are a little easier to cast, but a little less powerful. [a shining eye]
 66056 | Slime:5  | Reached XP level 27. HP: 131/131 MP: 26/26
 66094 | Slime:5  | Paralysed by a floating eye for 3 turns
 66312 | Slime:5  | Gained mutation: Your magical capacity is extremely low. (-30% MP) [a shining eye]
 66332 | Slime:5  | Gained mutation: You occasionally shout uncontrollably at your foes. [a shining eye]
 66379 | Slime:5  | Noticed the Royal Jelly
 66836 | Slime:4  | Reached skill level 10 in Necromancy
 67012 | Slime:5  | HP: 8/196 [azure jelly[the Royal Jelly] (3)]
 67012 | Slime:5  | Slain by an azure jelly

Skill      XL: |  1  2  3  4  5  6  7  8  9 10 11 12 13 14 15 16 17 18 19 20 21 22 23 24 25 26 27 |
---------------+----------------------------------------------------------------------------------+-----
Fighting       | 4 5 6 7 9 11 12 13 14 15 16 17 18 19 20 21 22 23 | 23.4
Maces & Flails | 3 4 5 6 8 9 11 12 13 14 15 16 18 | 18.6
Invocations    | 1 4 7 8 10 | 10.0
Armour         | 6 7 9 10 11 12 13 14 15 17 18 19 20 21 | 21.3
Shields        | 6 8 9 10 11 12 13 14 15 | 15.0
Evocations     | 2 4 6 8 9 10 | 10.0
Dodging        | 1 4 5 7 9 10 12 13 14 15 | 15.3
Spellcasting   | 2 6 |  6.6
Charms         | 2 6 10 11 | 11.0
Necromancy     | 2 6 9 10 | 10.0
Translocations | 1 5 |  5.0

Action                   |  1- 3 |  4- 6 |  7- 9 | 10-12 | 13-15 | 16-18 | 19-21 | 22-24 | 25-27 || total
-------------------------+-------+-------+-------+-------+-------+-------+-------+-------+-------++-------
Melee: Flail             |   159 |    50 |    77 |   124 |       |       |       |       |       ||   410
       Mace              |       |   160 |   327 |       |       |       |       |       |       ||   487
       Morningstar       |       |       |       |   743 |  1325 |  1784 |  2045 |  2395 |  2362 || 10654
 Cast: Regeneration      |       |       |       |       |       |       |       |     1 |    32 ||    33
       Song of Slaying   |       |       |       |       |       |       |       |       |     7 ||     7
       Apportation       |       |       |       |       |       |       |       |       |     1 ||     1
Invok: Recall Ancestor   |       |       |       |     2 |     2 |     1 |     5 |     2 |     7 ||    19
       Ancestor Identity |       |       |       |     1 |       |       |       |       |       ||     1
       Ancestor Life: He |       |       |       |     1 |       |       |       |       |       ||     1
       Transference      |       |       |       |     1 |     5 |    10 |    14 |    17 |     9 ||    56
       Idealise          |       |       |       |       |     1 |     2 |     5 |     1 |     2 ||    11
 Abil: Fly               |       |       |       |       |     1 |     4 |       |     2 |       ||     7
       Stop Flying       |       |       |       |       |       |     4 |       |     2 |       ||     6
Evoke: Wand              |       |       |     2 |    11 |     8 |     5 |       |       |     2 ||    28
       Sack of spiders   |       |       |       |       |       |     1 |       |       |     1 ||     2
       Lamp of fire      |       |       |       |       |       |       |       |       |     1 ||     1
       Phial of floods   |       |       |       |       |       |       |       |       |     1 ||     1
  Use: Scroll            |       |    10 |     6 |     5 |    11 |     8 |     2 |    12 |     8 ||    62
       Potion            |       |     1 |     1 |     3 |     5 |     5 |    10 |     8 |    21 ||    54
 Stab: Paralysed         |       |       |       |     2 |    18 |    41 |    43 |    77 |    54 ||   235
       Distracted        |       |       |       |     8 |    18 |    26 |    16 |    24 |    32 ||   124
       Confused          |       |       |       |     5 |     9 |    12 |   125 |    87 |    85 ||   323
       Petrifying        |       |       |       |       |       |       |       |       |     2 ||     2
  Eat: Chunk             |     2 |     5 |    15 |    19 |    15 |    39 |    24 |    25 |     8 ||   152
       Ration            |       |       |     1 |     3 |     5 |     1 |     3 |     5 |     9 ||    27
Armor: Scale mail        |    78 |       |       |       |       |       |       |       |       ||    78
       Chain mail        |    13 |   175 |   314 |   555 |   707 |   848 |    23 |       |       ||  2635
       Plate armour      |       |       |       |       |       |       |   586 |   889 |   847 ||  2322
       Storm dragon scal |       |       |       |       |       |       |     4 |       |       ||     4
Dodge: Dodged            |    69 |    91 |   135 |   388 |   448 |   634 |   678 |  1044 |  1108 ||  4595
Block: Shield            |    54 |       |       |       |    98 |  1322 |  1197 |  1670 |  1705 ||  6046
       Buckler           |       |       |       |   126 |   312 |       |       |       |       ||   438
       Reflection        |       |       |       |       |       |    97 |   110 |    74 |    37 ||   318
